 Dungeon Crawl Stone Soup version 0.29.1-15-g9cfb28693d (webtiles) character file.

Game seed: 12375593803374611936

1755 Ihaveafatcat the Shield-Bearer (level 8, 0/74 HPs)
             Began as a Minotaur Fighter on Mar 1, 2023.
             Was an Initiate of Trog.
             Succumbed to a scorpion's poison
             ... on level 6 of the Dungeon on Mar 2, 2023.
             The game lasted 00:12:15 (6519 turns).

Ihaveafatcat the Shield-Bearer (Minotaur Fighter)   Turns: 6519, Time: 00:12:16

Health: 0/74       AC:  8    Str: 29    XL:     8   Next: 78%
Magic:  7/7        EV:  9    Int:  5    God:    Trog [......]
Gold:   499        SH:  5    Dex: 10    Spells: 7/7 levels left

rFire   . . .      SeeInvis .   a - +1 war axe
rCold   + . .      Faith    .   c - +0 buckler
rNeg    . . .      Spirit   .   b - +0 scale mail
rPois   .          Reflect  .   (helmet restricted)
rElec   .          Harm     .   (no cloak)
rCorr   .          Rampage  .   (no gloves)
Will    .....                   (no boots)
Stlth   ..........              (no amulet)
HPRegen 0.22/turn               r - +6 ring of strength
MPRegen 0.10/turn               f - ring of protection from cold

@: lethally poisoned (0 -> -2)
A: horns 2, retaliatory headbutt
a: Renounce Religion


You were on level 6 of the Dungeon.
You worshipped Trog.
Trog was noncommittal.
You visited 2 branches of the dungeon, and saw 7 of its levels.

You collected 499 gold pieces.

Inventory:

Hand Weapons
 a - a +1 war axe (weapon)
 p - a +0 scythe
Armour
 b - a +0 scale mail (worn)
 c - a +0 buckler (worn)
Jewellery
 f - a ring of protection from cold (right hand)
 j - a +4 ring of protection
 r - a +6 ring of strength (left hand)
Wands
 t - a wand of roots (2)
Scrolls
 d - a scroll of enchant armour {unknown}
 e - 2 scrolls of torment
 g - a scroll of poison
 i - a scroll of immolation
 k - 2 scrolls of vulnerability
 n - a scroll of magic mapping
 q - a scroll of teleportation
 u - a scroll of blinking {unknown}
 v - a scroll of butterflies {unknown}
Potions
 h - 2 potions of mutation
 l - a potion of berserk rage {unknown}
 o - a potion of attraction {unknown}
 s - 2 potions of haste
 w - a potion of lignification
 x - a potion of degeneration {unknown}


   Skills:
 + Level 7.7 Fighting
 + Level 7.1 Axes
 + Level 7.7 Armour
 + Level 7.7 Shields


You had 7 spell levels left.
You didn't know any spells.
Your spell library contained the following spells:

 Spells                   Type           Power      Damage    Failure   Level
 Sting                    Tmut/Pois      0%         1d3       78%         1
 Poisonous Vapours        Pois/Air       0%         N/A       89%         2
 Static Discharge         Conj/Air       0%         3-3/arc   89%         2
 Dispel Undead            Necr           0%         3d6       100%        4
 Olgreb's Toxic Radiance  Pois           0%         N/A       100%        4
 Sticky Flame             Conj/Fire      0%         2d3       100%        4


Dungeon Overview and Level Annotations

Branches:
Dungeon (6/15)             Temple (1/1) D:4

Altars:
Ashenzari
Cheibriados
Dithmenos
Elyvilon
Fedhas
Gozag
Hepliaklqana
Kikubaaqudgha
Makhleb
Nemelex Xobeh
Okawaru
Ru
Sif Muna
Trog
Uskayaw
Vehumet
Wu Jian
Xom
Yredelemnul
Zin
The Shining One


Innate Abilities, Weirdness & Mutations

You have a pair of horns on your head.
You reflexively headbutt those who attack you in melee.


Message History

Trog accepts your kill.
An adder and a scorpion come into view.
The adder hisses angrily.
You see here 11 gold pieces.
There are monsters nearby!
There are monsters nearby!
There are monsters nearby!
There are monsters nearby!
Found 5 stones.
The scorpion stings you.
* * * LOW HITPOINT WARNING * * *
You barely miss the scorpion. Your headbutt misses the scorpion.
You block the scorpion's attack.
You closely miss the scorpion. The scorpion completely misses you.
You furiously retaliate!
You headbutt the scorpion. The scorpion completely misses you.
You hit the scorpion but do no damage.
The scorpion is lightly wounded.
The scorpion stings you.
* * * LOW HITPOINT WARNING * * *
You are poisoned.
The scorpion poisons you!
You hit the scorpion. You headbutt the scorpion.
The scorpion is heavily wounded.
* * * LOW HITPOINT WARNING * * *
You feel sick. The scorpion stings you.
* * * LOW HITPOINT WARNING * * *
You slash the scorpion!
You kill the scorpion!
Trog accepts your kill.
* * * LOW HITPOINT WARNING * * *
You feel sick. The adder barely misses you. You furiously retaliate!
You headbutt the adder, but do no damage.
You hit the adder.
The adder is lightly wounded.
* * * LOW HITPOINT WARNING * * *
You feel sick. You block the adder's attack.
You barely miss the adder. You headbutt the adder.
The adder is moderately wounded.
You die...

##.....##
##.......##
...
......... ..
....... ..
...(. . ...
.# #S#
#.##.##
#@###.......
#.$.........
#####..##.##
.># ...^
[###. .# .#
.# # .#


You could see an adder.

Vanquished Creatures
  Grinder (D:5)
  Sigmund (D:3)
  A water moccasin (D:6)
  2 black bears
  A centaur (D:5)
  2 ogres
  2 phantoms
  2 scorpions (D:6)
  A necrophage (D:5)
  2 hounds (D:5)
  An orc priest (D:5)
  3 jellies
  3 orc wizards
  Natasha (thrice) (D:4)
  3 iguanas
  3 gnolls (D:6)
  4 adders
  An ufetubus (D:6)
  3 worms (D:2)
  4 dart slugs
  11 orcs
  9 bats
  4 endoplasms
  3 giant cockroaches
  5 goblins
  6 hobgoblins
  2 quokkas
  9 ball pythons
  A frilled lizard (D:1)
  9 kobolds
  5 rats
107 creatures vanquished.

Notes
Turn   | Place    | Note
-------+----------+-------------------------------------------
     0 | D:1      | Ihaveafatcat the Minotaur Fighter began the quest for the
                  | Orb.
     0 | D:1      | Reached XP level 1. HP: 19/19 MP: 0/0
   140 | D:1      | Reached XP level 2. HP: 23/27 MP: 1/1
   857 | D:1      | Reached XP level 3. HP: 29/33 MP: 2/2
  1306 | D:2      | Found a faded altar of an unknown god.
  1346 | D:2      | Reached XP level 4. HP: 41/41 MP: 3/3
  1976 | D:3      | Noticed Sigmund
  1983 | D:3      | Killed Sigmund
  1984 | D:3      | Reached skill level 5 in Fighting
  1984 | D:3      | Reached skill level 5 in Armour
  1984 | D:3      | Reached skill level 5 in Shields
  1984 | D:3      | Reached XP level 5. HP: 47/48 MP: 4/4
  1984 | D:3      | Reached XP level 6. HP: 55/56 MP: 5/5
  2135 | D:3      | Found a glowing silver altar of Zin.
  2135 | D:3      | Found an iron altar of Okawaru.
  2137 | D:3      | Found a shimmering blue altar of Sif Muna.
  2137 | D:3      | Found a sparkling altar of Nemelex Xobeh.
  2139 | D:3      | Found a hazy altar of Hepliaklqana.
  2139 | D:3      | Found a shimmering altar of Xom.
  2140 | D:3      | Found a radiant altar of Vehumet.
  3339 | D:4      | Noticed Natasha
  3343 | D:4      | Killed Natasha
  3344 | D:4      | Reached skill level 5 in Axes
  3344 | D:4      | Reached XP level 7. HP: 62/62 MP: 6/6
  3346 | D:4      | Noticed Natasha
  3354 | D:4      | Killed Natasha
  3359 | D:4      | Noticed Natasha
  3369 | D:4      | Killed Natasha
  4066 | D:4      | Found a staircase to the Ecumenical Temple.
  4090 | Temple   | Entered the Ecumenical Temple
  4209 | Temple   | Became a worshipper of Trog the Wrathful
  4339 | D:5      | Entered Level 5 of the Dungeon
  4866 | D:5      | Reached XP level 8. HP: 48/71 MP: 7/7
  5092 | D:5      | Found an opulent altar of Gozag.
  5171 | D:5      | Noticed Grinder
  5176 | D:5      | Paralysed by Grinder for 4 turns
  5188 | D:5      | Killed Grinder
  5299 | D:5      | Found a white marble altar of Elyvilon.
  6516 | D:6      | HP: 3/73 [scorpion (2)]
  6518 | D:6      | HP: 1/74 [poisoned by a scorpion]
  6519 | D:6      | Succumbed to a scorpion's poison

Illustrated notes

Levels and vault maps discovered:
D:1:      erik_arrival_orb_chamber, layout_basic, minmay_tall_x
D:2:      layout_basic, shapermc_ecumenical_altar_mp_highgroup
D:3:      layout_loops_ring, grunt_temple_overflow_open, minmay_pentomino_pile,
          uniq_sigmund
D:4:      layout_cave_pools, temple_hall, minivault_1, grunt_ministairs_4,
          uniq_natasha
D:5:      layout_basic, elyvilon_altar_5, nicolae_gozag_seed_capital,
          uniq_grinder
D:6:      layout_loops_ring, ebering_ghost_reflecting_pool, uniq_duvessa
Temple:   nicolae_temple_ecumenical_triangle

Skill      XL: |  1  2  3  4  5  6  7  8 |
---------------+-------------------------+-----
Armour         | 4 5 6 7 |  7.7
Shields        | 4 5 6 7 |  7.7
Fighting       | 4 5 6 7 |  7.7
Axes           | 3 4 5 6 7 |  7.1

Action                   |  1- 3 |  4- 6 |  7- 9 || total
-------------------------+-------+-------+-------++-------
Melee: War axe           |    73 |    68 |   117 ||   258
       Headbutt          |     6 |    11 |    15 ||    32
  Use: Scroll            |       |     6 |     8 ||    14
       Potion            |       |     7 |     4 ||    11
Armor: Scale mail        |    49 |    38 |    60 ||   147
Dodge: Dodged            |    39 |    31 |    42 ||   112
Block: Buckler           |    17 |    13 |    29 ||    59
